 Dungeon Crawl Stone Soup version 0.21-a0-525-ga34b322 (webtiles) character file.

2 empire the Magician (level 1, 0/20 HPs)
             Began as a Gnoll Wanderer on Dec 7, 2017.
             Slain by a kobold
             ... wielding a +0 short sword
              (3 damage)
             ... on level 1 of the Dungeon.
             The game lasted 00:00:50 (37 turns).

empire the Magician (Gnoll Wanderer)                  Turns: 37, Time: 00:00:51

Health: 0/20       AC:  2    Str: 13    XL:     1   Next: 40%
Magic:  6/6        EV: 11    Int: 16    God:
Gold:   0          SH:  4    Dex: 13    Spells: 9/9 levels left

rFire    . . .     SeeInvis .   f - +0 club
rCold    . . .     Gourm    .   d - +0 buckler
rNeg     . . .     Faith    .   e - +0 robe
rPois    +         Spirit   .   (no helmet)
rElec    .         Reflect  .   (no cloak)
rCorr    .         Harm     .   (no gloves)
MR       .....                  (no boots)
Stlth    +.........             (no amulet)
HPRegen  0.06/turn              h - ring of poison resistance
MPRegen  0.10/turn              (no ring)

@: no status effects
A: distributed training, fangs 1, strong nose
a: no special abilities


You were on level 1 of the Dungeon.
You were not hungry.

You visited 1 branch of the dungeon, and saw 1 of its levels.

Inventory:

Hand Weapons
 f - a +0 club (weapon)
Armour
 d - a +0 buckler (worn)
 e - a +0 robe (worn)
Jewellery
 h - a ring of poison resistance (left hand)
Scrolls
 a - a scroll of fear
Potions
 b - a potion of haste
Books
 c - the Disquisition on Transmigration

   Spells                             Type                      Level
   a - Sticks to Snakes               Transmutation                2
   b - Passwall                       Transmutation/Earth          2
Comestibles
 g - a bread ration


   Skills:
 + Level 4.4 Fighting
 + Level 0.0 Short Blades
 + Level 0.0 Long Blades
 + Level 0.0 Axes
 + Level 0.0 Maces & Flails
 + Level 0.0 Polearms
 + Level 0.0 Staves
 + Level 0.0 Slings
 + Level 0.0 Bows
 + Level 0.0 Crossbows
 + Level 0.0 Throwing
 + Level 0.0 Armour
 + Level 0.0 Dodging
 + Level 0.0 Stealth
 + Level 2.3 Shields
 + Level 2.3 Unarmed Combat
 + Level 4.8 Spellcasting
 + Level 0.0 Conjurations
 + Level 0.0 Hexes
 + Level 0.0 Charms
 + Level 0.0 Summonings
 + Level 1.9 Necromancy
 + Level 0.0 Translocations
 + Level 0.0 Transmutations
 + Level 3.6 Fire Magic
 + Level 0.0 Ice Magic
 + Level 0.0 Air Magic
 + Level 0.0 Earth Magic
 + Level 0.0 Poison Magic
 + Level 0.1 Invocations
 + Level 2.3 Evocations


You had 9 spell levels left.
You didn't know any spells.

Dungeon Overview and Level Annotations

Branches:
Dungeon (1/15)

Altars:


Innate Abilities, Weirdness & Mutations

Your experience applies equally to all skills.
You have very sharp teeth.
Your uncanny sense of smell can sniff out nearby items.


Message History

You barely miss the kobold.
The kobold is heavily wounded.
The kobold barely misses you. You block the kobold's attack.
The kobold hits you with a short sword.
* * * LOW HITPOINT WARNING * * *
You see here a goblin corpse.
You block the kobold's attack.
Unknown command.
You barely miss the kobold. You bite the kobold, but do no damage.
The kobold is heavily wounded.
The kobold misses you.
You barely miss the kobold.
The kobold is heavily wounded.
The kobold misses you.
You barely miss the kobold. You bite the kobold.
The kobold is severely wounded.
The kobold hits you with a short sword.
* * * LOW HITPOINT WARNING * * *
The kobold hits you with a short sword.
You die...

#. ..# . ..#
.###.. ........
#... .. #..#..#
#..#..##
#######@.#...##
#......K......#.
.......†..%.....
#.####.......>..
#.(........
####''####....
#8......8#.##.
#§......≈# #
#§......≈#


You could see a kobold.

Vanquished Creatures
  A goblin (D:1)
  A hobgoblin (D:1)
2 creatures vanquished.

Notes
Turn   | Place    | Note
-------+----------+-------------------------------------------
     0 | D:1      | empire the Gnoll Wanderer began the quest for the Orb.
     0 | D:1      | empire set off with: a scroll of fear, a potion of haste, the Disquisition on Transmigration, a +0 buckler, a +0 robe, a +0 club, a bread ration
     0 | D:1      | Reached XP level 1. HP: 20/20 MP: 6/6
    10 | D:1      | Identified the Disquisition on Transmigration
    37 | D:1      | Slain by a kobold

Vault maps used:
D:1:      lightli_arrival_noodles

Action                   || total
-------------------------++-------
Melee: Club              ||    21
       Bite              ||     2
 Stab: Sleeping          ||     1
Armor: Robe              ||     3
Dodge: Dodged            ||    24
Block: Buckler           ||     8

Table legend:
 A = Spawn XP
 B = Non-spawn XP
 C = Spawn XP percentage of total XP
 D = Spawn monster count
 E = Non-spawn monster count
 F = Spawn count percentage of total count
 G = Total turns spent on level
                    A         B        C        D         E        F      G
               +---------+---------+-------+---------+---------+-------+---------
         Total |       0 |       4 |   0.0 |       0 |       2 |   0.0 |    37
               +---------+---------+-------+---------+---------+-------+---------
           D:1 |       0 |       4 |   0.0 |       0 |       2 |   0.0 |    37
               +---------+---------+-------+---------+---------+-------+---------
